 Dungeon Crawl Stone Soup version 0.17-a0-18-gc25b939 (webtiles) character file.

609 Emanloe the Chopper (level 7, -11/63 HPs)
             Began as a Minotaur Berserker on Mar 11, 2015.
             Was an Elder of Trog.
             Mangled by an angel
             ... wielding a +2 short sword of holy wrath
              (23 damage)
             ... on level 5 of the Dungeon.
             The game lasted 00:20:45 (3212 turns).

Emanloe the Chopper (Minotaur Berserker)            Turns: 3212, Time: 00:20:45

Health: -11/63     AC:  8    Str: 23      XL:     7   Next: 19%
Magic:  3/3        EV: 11    Int:  3 (4)  God:    Trog [****..]
Gold:   94         SH:  0    Dex: 10      Spells: 0 memorised, 6 levels left

rFire  . . .     SeeInvis .     f - +0 war axe
rCold  . . .     Clarity  .     i - +0 scale mail
rNeg   . . .     SustAb   .     (no shield)
rPois  .         Gourm    .     (helmet restricted)
rElec  .         Spirit   .     (no cloak)
rCorr  .         Warding  .     k - +0 pair of gloves
rMut   .         Stasis   .     (no boots)
MR     ++...                    (no amulet)
Stlth  ..........               (no ring)
                                (no ring)

@: exhausted, regenerating, slowed, glowing, very slow, very resistant to
hostile enchantments, extremely unstealthy
A: retaliatory headbutt, horns 2
a: Burn Spellbooks, Berserk, Trog's Hand, Brothers in Arms, Renounce Religion


You were on level 5 of the Dungeon.
You worshipped Trog.
Trog was greatly pleased with you.
You were not hungry.

You visited 1 branch of the dungeon, and saw 5 of its levels.

You collected 234 gold pieces.
You spent 140 gold pieces at shops.

Inventory:

Hand weapons
 f - a +0 war axe (weapon)
Armour
 b - a +0 animal skin
 i - a +0 scale mail (worn)
 k - a +0 pair of gloves (worn)
Magical devices
 a - a wand of fire (4)
 q - a wand of digging (18)
 s - a wand of hasting (3)
Scrolls
 d - a scroll of identify
 e - a scroll of magic mapping
 l - 4 scrolls of remove curse
 r - a scroll of fear
Potions
 h - a potion of restore abilities
 m - a potion of heal wounds
 n - 3 potions of curing
Comestibles
 c - 2 bread rations
 g - 3 fruits
 j - a royal jelly


   Skills:
 * Level 6.1 Fighting
 * Level 6.7 Axes
 + Level 4.3 Armour
 + Level 4.1 Dodging
 - Level 0.1 Stealth


You had 6 spell levels left.
You didn't know any spells.

Dungeon Overview and Level Annotations

Branches:
Dungeon (5/15)
 Temple: D:4-7

Altars:
Gozag
Makhleb
Okawaru
Sif Muna
Zin
The Shining One

Shops:
D:4 ((!(:


Innate Abilities, Weirdness & Mutations

You reflexively headbutt those who attack you in melee.
You have a pair of horns on your head.


Message History

You feel resistant to hostile enchantments.
You feel slightly more hungry.
Use which ability? (? or * to list)
A red film seems to cover your vision as you go berserk!
You feel yourself moving faster!
You feel mighty!
You feel somewhat more hungry.
The angel hits you with a short sword of holy wrath!
* * * LOW HITPOINT WARNING * * *
The angel hits you but does no damage.
You feel a strong urge to attack something.
You closely miss the angel.
The angel hits you with a short sword of holy wrath!
* * * LOW HITPOINT WARNING * * *
The angel misses you.
You feel a strong urge to attack something.
You are no longer berserk.
You are exhausted.
You feel yourself slow down.
The angel hits you with a short sword of holy wrath!!
You die...

.._# #.....##..#..#####.#
...#####.#####..#........#
...##....# #..#..#######
..8##.#### #..#..## #.
'####.# ######..#...###....
......# #...............#
......###.####..#...#####
...........###..#.#.#
......###......A@...#
......###.#######...#######.#
#.†.#.....# #...........#
##A######## #...############
#........# #...............
#...<....# ##..############
#######..########..#
#............# #.##########.#


You could see an angel.

Vanquished Creatures
  A phantom (D:4)
  An ogre (D:4)
  A scorpion (D:5)
  A crimson imp (D:5)
  2 iguanas (D:4)
  An orc wizard (D:4)
  2 worker ants (D:4)
  Ijyb (D:2)
  Jessica (D:3)
  A hound skeleton (D:4)
  3 gnolls (D:4)
  5 adders
  2 worms
  A shadow imp (D:5)
  6 giant geckos
  11 orcs
  3 giant cockroaches
  6 goblins
  8 hobgoblins
  A quokka (D:4)
  11 bats
  4 giant newts
  3 jackals (D:2)
  5 kobolds
  10 rats
91 creatures vanquished.

Notes
Turn   | Place    | Note
--------------------------------------------------------------
     0 | D:1      | Emanloe, the Minotaur Berserker, began the quest for the Orb.
     0 | D:1      | Reached XP level 1. HP: 19/19 MP: 1/1
   318 | D:1      | Reached skill level 4 in Fighting
   318 | D:1      | Reached XP level 2. HP: 27/27 MP: 1/1
   535 | D:1      | Acquired Trog's second power
   787 | D:2      | Reached XP level 3. HP: 33/33 MP: 2/2
  1282 | D:2      | Noticed Ijyb
  1292 | D:2      | Killed Ijyb
  1292 | D:2      | Reached XP level 4. HP: 29/41 MP: 2/2
  1306 | D:2      | Found a glowing golden altar of the Shining One.
  1458 | D:3      | Reached skill level 5 in Fighting
  1631 | D:3      | Noticed Jessica
  1643 | D:3      | Killed Jessica
  1665 | D:3      | Found a burning altar of Makhleb.
  1694 | D:3      | Found an iron altar of Okawaru.
  1698 | D:3      | Found an opulent altar of Gozag.
  1829 | D:4      | Found Xirop's Distillery.
  1846 | D:4      | Bought a potion of heal wounds for 50 gold pieces
  1846 | D:4      | Bought a potion of curing for 30 gold pieces
  1846 | D:4      | Bought 2 potions of curing for 60 gold pieces
  1862 | D:4      | Reached XP level 5. HP: 35/48 MP: 2/2
  1870 | D:4      | Reached skill level 5 in Axes
  2278 | D:4      | Found Fonujime's Antique Weapon Shoppe.
  2297 | D:4      | Found Cubufunyi's Book Boutique.
  2425 | D:4      | Reached XP level 6. HP: 52/56 MP: 3/3
  2427 | D:4      | Acquired Trog's third power
  2552 | D:4      | Found Wietwuiz's Antique Weapon Emporium.
  2728 | D:4      | Noticed a phantom
  2741 | D:4      | Killed a phantom
  2741 | D:4      | Reached skill level 6 in Axes
  2820 | D:4      | Noticed an ogre
  2828 | D:4      | Killed an ogre
  2887 | D:4      | Found Eraliq's Weapon Boutique.
  2921 | D:4      | Found a deep blue altar of Sif Muna.
  3024 | D:5      | Entered Level 5 of the Dungeon
  3031 | D:5      | Reached XP level 7. HP: 54/63 MP: 3/3
  3182 | D:5      | Noticed an angel
  3183 | D:5      | Found a glowing silver altar of Zin.
  3212 | D:5      | Mangled by an angel

Action                   |  1- 3 |  4- 6 |  7- 9 || total
-------------------------+-------+-------+-------++-------
Melee: Hand axe          |    64 |       |       ||    64
       War axe           |    18 |   124 |    12 ||   154
Invok: Berserk           |       |     2 |     1 ||     3
       Burn Spellbooks   |       |     1 |       ||     1
       Trog's Hand       |       |       |     1 ||     1
Evoke: Wand              |       |       |     1 ||     1
  Use: Scroll            |    10 |     1 |     3 ||    14
       Potion            |     4 |     5 |       ||     9
  Eat: Bread ration      |     1 |       |       ||     1
       Beef jerky        |       |     2 |       ||     2
       Pizza             |       |     1 |     2 ||     3
